 Dungeon Crawl Stone Soup version 0.29.1-2-gbd0b4ee654 (webtiles) character file.

Game seed: 14873193167201084456

1432 GorkyZ the Trooper (level 8, 0/64 HPs)
             Began as a Demonspawn Fighter on Nov 19, 2022.
             Was an Initiate of Makhleb.
             Engulfed by a cloud of freezing vapour (14 damage)
             ... on level 5 of the Dungeon.
             The game lasted 00:20:36 (4713 turns).

GorkyZ the Trooper (Demonspawn Fighter)             Turns: 4713, Time: 00:20:37

Health: 0/64       AC: 19    Str: 20    XL:     8   Next: 45%
Magic:  8/8        EV:  7    Int:  9    God:    Makhleb [......]
Gold:   316        SH:  5    Dex: 12    Spells: 7/7 levels left

rFire   . . .      SeeInvis .   q - +6 club
rCold   . . .      Faith    .   c - +0 buckler
rNeg    . . .      Spirit   .   j - +0 plate armour
rPois   +          Reflect  .   f - +0 helmet
rElec   .          Harm     .   e - +1 cloak
rCorr   +          Rampage  .   h - +2 pair of gloves
Will    .....                   (no boots)
Stlth   ..........              (no amulet)
HPRegen 0.20/turn               o - ring of poison resistance
MPRegen 0.11/turn               C - ring of resist corrosion

@: no status effects
A: rugged brown scales 1, spiny 2, weakness stinger 1
a: Renounce Religion


You were on level 5 of the Dungeon.
You worshipped Makhleb.
Makhleb was noncommittal.
You visited 2 branches of the dungeon, and saw 6 of its levels.

You collected 316 gold pieces.

Inventory:

Hand Weapons
 a - a +0 flail
 i - a +0 hammer
 q - a +6 club (weapon)
 E - the +6 dire flail "Rilaleorgh" {venom, rPois Will+ Str+4}
   (You took it off an ogre on level 4 of the Dungeon)

   It poisons the flesh of those it strikes.
   Str:       It affects your strength (+4).
   rPois:     It protects you from poison.
   Will:      It increases your willpower.
Missiles
 l - 15 poisoned darts (quivered)
 u - 6 javelins
Armour
 b - a +0 scale mail
 c - a +0 buckler (worn)
 e - a +1 cloak (worn)
 f - a +0 helmet (worn)
 h - a +2 pair of gloves (worn)
 j - a +0 plate armour (worn)
 n - a +0 chain mail
 v - a +0 pair of gloves
Jewellery
 k - a ring of magical power
 o - a ring of poison resistance (left hand)
 C - a ring of resist corrosion (right hand)
Wands
 y - a wand of iceblast (7)
 D - a wand of paralysis (14)
Scrolls
 m - 2 scrolls of teleportation
 w - a scroll of identify
 x - a scroll of immolation {unknown}
 z - a scroll of vulnerability {unknown}
 B - 2 scrolls of enchant weapon {unknown}
Potions
 d - 4 potions of might
 g - 2 potions of attraction {unknown}
 p - a potion of brilliance
 r - 3 potions of haste
 s - 2 potions of curing {unknown}
 t - 2 potions of heal wounds {unknown}
 A - a potion of ambrosia {unknown}


   Skills:
 + Level 5.5 Fighting
 + Level 4.6 Maces & Flails
 + Level 5.0 Armour
 + Level 4.0 Dodging
 + Level 5.0 Shields


You had 7 spell levels left.
You didn't know any spells.
Your spell library contained the following spells:

 Spells                   Type           Power      Damage    Failure   Level
 Sandblast                Erth           0%         2d4       100%        1
 Inner Flame              Hex/Fire       0%         N/A       100%        3
 Summon Guardian Golem    Hex/Summ       0%         N/A       100%        3
 Cause Fear               Hex            0%         N/A       100%        4
 Orb of Destruction       Conj           0%         9d5       100%        7
 Spellforged Servitor     Conj/Summ      0%         N/A       100%        7
 Discord                  Hex            0%         N/A       100%        8


Dungeon Overview and Level Annotations

Branches:
Dungeon (5/15)             Temple (1/1) D:4

Altars:
Ashenzari
Cheibriados
Dithmenos
Fedhas
Gozag
Hepliaklqana
Kikubaaqudgha
Makhleb
Nemelex Xobeh
Okawaru
Qazlal
Ru
Sif Muna
Trog
Uskayaw
Vehumet
Wu Jian
Xom
Yredelemnul

Shops:
D:3 :


Innate Abilities, Weirdness & Mutations

You are partially covered in rugged brown scales. (AC +1, +3% HP)
You are mostly covered in sharp spines.
You have a small tail.


Message History

Your Dodging skill increases to level 4!
Your Shields skill increases to level 5!
No target in view!
No target in view!
No target in view!
No target in view!
You now have 307 gold pieces (gained 16).
Found a stone staircase leading down.
You now have 316 gold pieces (gained 9).
You open the door.
Found 3 stones.
There is an open door here.
No target in view!
No target in view!
No target in view!
No target in view!
There is an open door here.
There is a stone staircase leading down here.
There is a stone staircase leading down here.
You see here an iguana skeleton.
Partly explored, can't reach some items.
You see here an iguana skeleton.
You open the door.
There is an open door here.
Really walk into a travel-excluded area? [Y]es or [N]o only, please.
Really walk into a travel-excluded area? [Y]es or [N]o only, please.
Really walk into a travel-excluded area?
Uppercase [Y]es or [N]o only, please.
Really walk into a travel-excluded area?
You are engulfed in freezing vapours.
You are engulfed in freezing vapours.
Ouch! That really hurt!
You are engulfed in freezing vapours.
* * * LOW HITPOINT WARNING * * *
You are engulfed in freezing vapours.
* * * LOW HITPOINT WARNING * * *
You are engulfed in freezing vapours.
You die...

####### #######
##§○○##
##############§#○##
.............#§#○##
##############§#○##
#..# ##§#@## ##.##
##§#○## #..#
##§#○##
#..########§#○##
###..##.....#.#§##
##...###..>..#○#§##
...#.# #.....#○#§##
####.# #.....#○#§##
# #..# #.....#.#.##


There were no monsters in sight!

Vanquished Creatures
  The ghost of Voland the Ducker, a novice MfTm (D:4)
  A water moccasin (D:5)
  2 ogres (D:4)
  A phantom (D:5)
  2 scorpions
  Crazy Yiuf (D:2)
  2 orc priests (D:4)
  A gnoll bouda (D:4)
  4 hounds
  An iguana (D:5)
  Natasha (thrice) (D:2)
  Robin (D:2)
  6 adders
  8 gnolls (D:4)
  3 worms
  3 dart slugs
  2 orcs (D:4)
  3 bats
  3 endoplasms
  2 giant cockroaches
  12 goblins
  9 hobgoblins
  3 jackals (D:4)
  8 kobolds
  A quokka (D:2)
  3 ball pythons
  2 frilled lizards (D:2)
  6 rats
94 creatures vanquished.

Vanquished Creatures (others)
  2 fungi
2 creatures vanquished.

Grand Total: 96 creatures vanquished

Notes
Turn   | Place    | Note
-------+----------+-------------------------------------------
     0 | D:1      | GorkyZ the Demonspawn Fighter began the quest for the Orb.
     0 | D:1      | Reached XP level 1. HP: 18/18 MP: 1/1
   122 | D:1      | Found a faded altar of an unknown god.
   127 | D:1      | Got Plato's Secrets of the Geologist
   428 | D:1      | Gained mutation: You are partially covered in sharp spines.
                  | [demonic ancestry]
   428 | D:1      | Reached XP level 2. HP: 20/24 MP: 2/2
   966 | D:2      | Noticed Robin
   974 | D:2      | Gained mutation: You are partially covered in rugged brown
                  | scales. (AC +1, +3% HP) [demonic ancestry]
   974 | D:2      | Reached XP level 3. HP: 14/29 MP: 3/3
   977 | D:2      | Killed Robin
   978 | D:2      | Reached skill level 1 in Dodging
  1305 | D:2      | Reached XP level 4. HP: 33/36 MP: 4/4
  1388 | D:2      | Found a runed translucent door.
  1583 | D:2      | Noticed Natasha
  1585 | D:2      | Found a shimmering altar of Xom.
  1592 | D:2      | Killed Natasha
  1643 | D:2      | Noticed Natasha
  1650 | D:2      | Killed Natasha
  1777 | D:2      | Noticed Natasha
  1783 | D:2      | Killed Natasha
  1784 | D:2      | Reached XP level 5. HP: 37/43 MP: 5/5
  1851 | D:2      | Noticed Crazy Yiuf
  2083 | D:2      | Killed Crazy Yiuf
  2322 | D:3      | Found Heywnub's Vocational Training.
  3063 | D:4      | Gained mutation: You have a small tail. [demonic ancestry]
  3063 | D:4      | Reached XP level 6. HP: 47/49 MP: 6/6
  3304 | D:4      | Found a sacrificial altar of Ru.
  3304 | D:4      | Found a hide-covered altar of Uskayaw.
  3353 | D:4      | Reached XP level 7. HP: 56/56 MP: 7/7
  3424 | D:4      | Found a transporter.
  3425 | D:4      | Noticed Voland's ghost (novice MfTm)
  3426 | D:4      | Identified the +6 dire flail "Rilaleorgh" {venom, rPois
                  | Will+ Str+4}
  3441 | D:4      | Found a transporter.
  3548 | D:4      | Found a staircase to the Ecumenical Temple.
  3555 | Temple   | Entered the Ecumenical Temple
  3833 | Temple   | Became a worshipper of Makhleb the Destroyer
  4024 | D:4      | Killed Voland's ghost
  4025 | D:4      | Reached skill level 5 in Fighting
  4025 | D:4      | Gained mutation: You are mostly covered in sharp spines.
                  | [demonic ancestry]
  4025 | D:4      | Reached XP level 8. HP: 51/63 MP: 8/8
  4112 | D:5      | Entered Level 5 of the Dungeon
  4480 | D:5      | Reached skill level 5 in Armour
  4480 | D:5      | Reached skill level 5 in Shields
  4713 | D:5      | Engulfed by a cloud of freezing vapour

Illustrated notes

Levels and vault maps discovered:
D:1:      doesnt_arrival_eight_statues, layout_loops_ring,
          shapermc_ecumenical_altar_rom_forum
D:2:      layout_basic, basic_altar, uniq_crazy_yiuf_cottage, uniq_robin,
          uniq_natasha
D:3:      layout_loops_ring, amcnicky_mini_corridor_feature,
          nicolae_shop_vocational
D:4:      layout_rooms, gammafunk_temple_overflow_elements,
          minmay_temple_entry_butterflies, gammafunk_ghost_smash
D:5:      lemuel_ice_spiral_2, layout_rooms, kennysheep_generic_room_14
Temple:   nicolae_temple_slightly_damp_pantheon

Skill      XL: |  1  2  3  4  5  6  7  8 |
---------------+-------------------------+-----
Maces & Flails | 2 3 4 |  4.6
Armour         | 3 4 5 |  5.0
Dodging        | 1 2 3 4 |  4.0
Shields        | 3 4 5 |  5.0
Fighting       | 4 5 |  5.5

Action                   |  1- 3 |  4- 6 |  7- 9 || total
-------------------------+-------+-------+-------++-------
Melee: Flail             |    63 |       |       ||    63
       Club              |    14 |   124 |    40 ||   178
       Tailslap          |       |     6 |     7 ||    13
  Use: Scroll            |       |     8 |       ||     8
Armor: Scale mail        |    10 |       |       ||    10
       Chain mail        |    24 |    12 |       ||    36
       Plate armour      |       |    54 |    20 ||    74
Dodge: Dodged            |    23 |    25 |     9 ||    57
Block: Buckler           |    22 |    40 |    12 ||    74
